 Dungeon Crawl Stone Soup version 0.30-a0-583-g19bae12e61 (webtiles) character file.

Game seed: 10090382389215944559

37 Citaku the Cutter (level 3, -4/30 HPs)
             Began as a Human Wanderer on Jan 1, 2023.
             Slain by Sigmund
             ... wielding a +2 scythe of protection
              (6 damage)
             ... on level 2 of the Dungeon.
             The game lasted 00:04:10 (804 turns).

Citaku the Cutter (Human Wanderer)                   Turns: 804, Time: 00:04:11

Health: -4/30      AC:  8    Str: 10    XL:     3   Next: 60%
Magic:  4/4        EV: 10    Int: 12    God:
Gold:   36         SH:  0    Dex: 16    Spells: 3/4 levels left

rFire   . . .      SeeInvis .    a - +2 short sword
rCold   . . .      Faith    .    f - orb {mayhem}
rNeg    + . .      Spirit   .    l - +0 ring mail
rPois   .          Reflect  .    (no helmet)
rElec   .          Harm     .    b - +0 cloak
rCorr   .          Rampage  .    (no gloves)
Will    .....                    e - +1 pair of boots
Stlth   +                        (no amulet)
HPRegen 0.25/turn                d - ring of positive energy
MPRegen 0.09/turn                (no ring)

@: mighty, flying
A: no striking features
a: no special abilities


You were on level 2 of the Dungeon.
You visited 1 branch of the dungeon, and saw 2 of its levels.

You collected 36 gold pieces.

Inventory:

Hand Weapons
 a - a +2 short sword (weapon)
Armour
 b - a +0 cloak (worn)
 e - a +1 pair of boots (worn)
 f - an orb of mayhem (worn)
 l - a +0 ring mail (worn)
Magical Staves
 g - a staff of death
Jewellery
 d - a ring of positive energy (left hand)
Scrolls
 k - a scroll of teleportation {unknown}


   Skills:
 + Level 3.7 Fighting
 + Level 4.3 Short Blades
 + Level 1.5 Dodging
 + Level 0.2 Stealth
 + Level 1.0 Spellcasting
 + Level 1.0 Ice Magic


You had 3 spell levels left.
You knew the following spells:

 Your Spells              Type           Power      Damage    Failure   Level
a - Freeze                Ice            12%        1d3       45%         1

Your spell library contained the following spells:

 Spells                   Type           Power      Damage    Failure   Level
 Hailstorm                Conj/Ice       1%         3d3       88%         3


Dungeon Overview and Level Annotations

Branches:
Dungeon (2/15)

Altars:

Annotations:
D:2 Sigmund


Message History

Sigmund points at you and mumbles some strange words.
Your butterfly appears confused.
Are you sure you want to stumble around while confused and next to your butterfly?
You hit your butterfly.
You kill your butterfly!
Your butterfly disappears in a burst of colours!
Sigmund casts a spell at you.
Your butterfly appears confused.
Sigmund is nearby!
Sigmund is nearby!
Okay, then.
You are too confused!
It was a potion of might.
You feel very mighty all of a sudden.
Sigmund hits you from afar with a +2 scythe of protection!
Are you sure you want to stumble around while confused and next to your butterfly? [Y]es or [N]o only, please.
Are you sure you want to stumble around while confused and next to your butterfly? [Y]es or [N]o only, please.
Are you sure you want to stumble around while confused and next to your butterfly?
Okay, then.
It was a potion of flight.
You feel very buoyant.
You fly up into the air.
Are you sure you want to stumble around while confused and next to your butterfly?
You puncture your butterfly!
You kill your butterfly!
Your butterfly disappears in a burst of colours!
You feel less confused.
Sigmund gestures wildly while chanting.
Sigmund flickers and vanishes!
Deactivating autopickup; reactivate with Ctrl-A.
Something hits you but does no damage. Something hits your butterfly!
Your butterfly dies!
Your butterfly disappears in a burst of colours!
Something hits you!
* * * LOW HITPOINT WARNING * * *
Something hits you.
You die... #+##### #.#...## #..bbb.# ####bbb...# #bbbb.bbb.#

.######.bbbbbbb.#
.......@bbbbb.#.##
.######{##bbbbb...
#.b.bbb##.##
####..## #..###.#
#......# #<######
#.# #.#


There were no monsters in sight!

Vanquished Creatures
  3 ball pythons (D:1)
  3 endoplasms (D:1)
  4 giant cockroaches (D:1)
  4 goblins (D:1)
  3 hobgoblins (D:1)
  4 jackals (D:1)
  5 kobolds (D:1)
  A quokka (D:1)
  2 bats (D:1)
  A frilled lizard (D:1)
30 creatures vanquished.

Notes
Turn   | Place    | Note
-------+----------+-------------------------------------------
     0 | D:1      | Citaku the Human Wanderer began the quest for the Orb.
     0 | D:1      | Citaku set off with the following items: a +2 short sword,
                  | a +0 cloak, a scroll of butterflies, a +0 robe; and the
                  | following spell memorised: Freeze; and the following spells
                  | available to memorise: Hailstorm.
     0 | D:1      | Reached XP level 1. HP: 18/18 MP: 2/2
    57 | D:1      | Reached XP level 2. HP: 5/24 MP: 3/3
   354 | D:1      | Reached XP level 3. HP: 24/29 MP: 4/4
   784 | D:2      | Noticed Sigmund
   803 | D:2      | HP: 1/30 [something (10)]
   804 | D:2      | Slain by Sigmund

Illustrated notes

Levels and vault maps discovered:
D:1:      lightli_arrival_noodles, layout_rooms, minmay_tromino_mix6
D:2:      layout_loops_corners, hellmonk_ecumenical_altar_run_dry, uniq_sigmund

Action                   || total
-------------------------++-------
Melee: Short sword       ||   119
  Use: Potion            ||     2
       Scroll            ||     1
 Stab: Sleeping          ||     1
Armor: Robe              ||    34
       Ring mail         ||     4
Dodge: Dodged            ||    70

Table legend: (Time is in decaauts)
 A = Elapsed time spent in this place.
 B = Non-inter-level travel time spent in this place.
 C = Inter-level travel time spent in this place.
 D = Time resting spent in this place.
 E = Time spent auto-exploring this place.
 F = Levels seen in this place.
 G = Mean time per level.
                   A        B        C        D        E       F      G
               +--------+--------+--------+--------+--------+-----+--------+
         Total |    778 |    778 |      0 |     74 |    249 |   2 |  389.0 |
       Dungeon |    778 |    778 |      0 |     74 |    249 |   2 |  389.0 |
               +--------+--------+--------+--------+--------+-----+--------+

Top non-repeatable levels by time:
     D:1: 756 daAuts
     D:2: 21 daAuts
